 Dungeon Crawl Stone Soup version 0.27-a0-1202-ge72e49191c (webtiles) character file.

Game seed: 1950276579720446338

3549 robertstho the Protected (level 9, -7/71 HPs)
             Began as a Demonspawn Abyssal Knight on June 2, 2021.
             Was a Priest of Lugonu.
             Mangled by a large abomination (23 damage)
             ... summoned by Lugonu's corruption
             ... on level 7 of the Dungeon on June 3, 2021.
             The game lasted 00:12:35 (9148 turns).

robertstho the Protected (DsAK)                     Turns: 9148, Time: 00:12:36

Health: -7/71      AC: 12    Str: 15    XL:     9   Next: 83%
Magic:  7/14       EV:  5    Int: 14    God:    Lugonu [***...]
Gold:   413        SH:  9    Dex: 13    Spells: 8/8 levels left

rFire    . . .     SeeInvis +   a - +2 falchion (venom)
rCold    . . .     Faith    .   s - +0 kite shield
rNeg     . . .     Spirit   .   u - +0 plate armour
rPois    .         Reflect  .   (helmet unavailable)
rElec    .         Harm     .   (no cloak)
rCorr    .         Rampage  .   y - +0 pair of gloves {Stlth+}
Will     .....                  A - +0 pair of boots
Stlth    ..........             C - amulet of regeneration
HPRegen  1.21/turn              p - +4 ring of slaying
MPRegen  0.14/turn              (no ring)

@: lethally poisoned (-7 -> -7), corroded
A: antennae 3, repulsion field 1, demonic magic 2
a: Renounce Religion, Depart the Abyss, Bend Space, Banish


You were on level 7 of the Dungeon.
You worshipped Lugonu.
Lugonu was most pleased with you.
You visited 1 branch of the dungeon, and saw 8 of its levels.
You visited the Abyss 1 time.

You collected 503 gold pieces.
You spent 90 gold pieces at shops.

Inventory:

Hand Weapons
 a - a +2 falchion of venom (weapon)
Missiles
 x - a throwing net
Armour
 s - a +0 kite shield (worn)
 u - a +0 plate armour (worn)
 y - a +0 pair of gloves of stealth (worn)
 A - a +0 pair of boots (worn)
Jewellery
 p - a +4 ring of slaying (left hand)
 r - an amulet of the acrobat
 C - an amulet of regeneration (around neck)
Wands
 B - a wand of iceblast (16)
 E - a wand of polymorph (5)
Scrolls
 f - a scroll of magic mapping {unknown}
 g - a scroll of enchant weapon
 h - 4 scrolls of immolation
 k - 4 scrolls of teleportation
 l - a scroll of enchant armour
 m - a scroll of brand weapon
 v - a scroll of vulnerability {unknown}
 w - a scroll of summoning
 z - 2 scrolls of noise {unknown}
 D - a scroll of holy word
 F - a scroll of fog
Potions
 b - 5 potions of curing
 c - 2 potions of haste {unknown}
 d - 2 potions of brilliance {unknown}
 e - 2 potions of lignification {unknown}
 i - a potion of magic {unknown}
 j - a potion of invisibility {unknown}
 n - a potion of might {unknown}
 o - 3 potions of degeneration {unknown}
 q - 3 potions of attraction {unknown}
 t - 2 potions of heal wounds {unknown}


   Skills:
 * Level 6.5 Fighting
 + Level 6.2 Long Blades
 * Level 8.2 Armour
 + Level 1.1 Dodging
 + Level 0.4 Stealth
 + Level 3.5 Shields
 * Level 7.1 Invocations
 + Level 0.3 Evocations


You had 8 spell levels left.
You didn't know any spells.
Your spell library contained the following spells:

 Spells                   Type           Power      Damage    Failure   Level
 Apportation              Tloc           0%         N/A       100%        1
 Lesser Beckoning         Tloc           0%         N/A       100%        3
 Tukima's Dance           Hex            0%         N/A       100%        3
 Alistair's Intoxication  Tmut/Pois      0%         N/A       100%        5
 Invisibility             Hex            0%         N/A       100%        6


Dungeon Overview and Level Annotations

Branches:
Dungeon (8/15)             Temple (0/1) D:6            Lair (0/6) D:8

Altars:
Gozag
Hepliaklqana
Kikubaaqudgha
Makhleb
Okawaru
Sif Muna
Vehumet
Wu Jian
Yredelemnul
The Shining One

Shops:
D:2 ?   D:3 [   D:4 =   D:5 (

Annotations:
D:3 644 plate
D:7 corrupted
D:8 3 runed translucent doors, indyram44's ghost, novice DsGl; robertstho's ghost, novice MiFi


Innate Abilities, Weirdness & Mutations

You have a pair of large antennae on your head. (SInv)
You are surrounded by a mild repulsion field. (EV +2)
Spells you cast may paralyse nearby enemies.


Message History

The green ugly thing barely misses you.
You riposte.
You hit the green ugly thing.
The green ugly thing is lightly wounded.
You feel extremely sick.
You hit the jelly.
The jelly is poisoned.
The acid corrodes you!
Your hands burn!
The jelly is severely wounded.
You feel extremely sick. You block the jelly's attack.
You closely miss the green ugly thing.
The green ugly thing is lightly wounded.
You feel very sick.
You hit the green ugly thing.
The green ugly thing is lightly wounded.
You feel very sick. The green ugly thing stings you.
The green ugly thing stings you but does no damage.
You are too injured to fight recklessly!
You are too injured to fight recklessly!
You are too injured to fight recklessly!
You are too injured to fight recklessly!
Lugonu's Hand of Corruption reaches out!
You can no longer corrupt the fabric of space.
You feel sick.
You kill the jelly!
Lugonu accepts your kill. The green ugly thing stings you.
* * * LOW HITPOINT WARNING * * *
Found 131 gold pieces.
A death knight comes into view. It is wielding a +0 great mace.
You feel sick.
The death knight shouts!
The death knight hits the thrashing horror with a +0 great mace!!
A starcursed mass splits. x2
The iguana writhes in pain as voices assail its mind.
You hear a shout! x2
Found 99 gold pieces.
You feel sick.
Something tramples the death knight!
The death knight stumbles backwards!
The large abomination hits you!!
You die...

..# #...#........ ..#
#...##....... ..#
######....... #+#### ## ###
# #....... .....#
#####.###G.#.########'#.
.....# ##.X..#.(#........
#.#. .....#
#.{#.3Wx.u.42..?.. #.##
.....# .#.#..XX..X..X....
#... .....#
.......@l.#....... #..#
###'#####.##X.....$..###..#
#..# # #.#>...#.Xx.#$$v##3#
. #... # #.#....#....#$$$$
... #.## #
#.#....#....#$$$$#{x.. {
#.# # #.#....'....#$$$$#
... #.# #
#.###########$$$$+ ... #.#
###.# { #$$$$. #.# ....# {
{ #.#


You could see a green ugly thing, an iguana, 3 neutral starcursed masses, a
neutral green death (summoned), a neutral eidolon (summoned), a neutral eye of
devastation (summoned), a neutral thrashing horror (summoned), 3 neutral large
abominations, a neutral ice devil (summoned), a neutral will-o-the-wisp
(summoned), 2 neutral neqoxecs and 2 neutral small abominations.

Vanquished Creatures
  A two-headed ogre (D:7)
  A deep elf zephyrmancer (D:7)
  2 wyverns (D:8)
  Sigmund (D:3)
  3 ice beasts
  2 orc warriors
  A black bear (D:7)
  2 ogres
  2 necrophages (D:7)
  A centaur (D:8)
  A kobold brigand (D:6)
  2 scorpions (D:6)
  2 wyvern skeletons
  A centaur zombie (D:7)
  A crimson imp (D:5)
  3 jellies
  2 hounds
  A bullfrog skeleton (D:6)
  2 orc priests
  Crazy Yiuf (D:6)
  A centaur skeleton (D:7)
  A scorpion zombie (D:3)
  Ijyb (D:5)
  An orc wizard (D:4)
  2 iguanas
  A killer bee zombie (D:7)
  2 hound skeletons (D:3)
  3 gnolls
  6 adders
  A shadow imp (D:7)
  A white imp (D:6)
  An ufetubus (D:3)
  6 adder skeletons
  A worm (D:3)
  A dart slug (D:3)
  16 orcs
  10 bats
  5 endoplasms
  6 giant cockroaches
  6 goblins
  4 hobgoblins
  10 jackals
  15 kobolds
  3 quokkas
  8 ball pythons
  4 frilled lizards
  A jackal skeleton (D:3)
  8 rats
157 creatures vanquished.

Vanquished Creatures (others)
  A bush (D:7)
  A fungus (D:6)
  5 withered plants
7 creatures vanquished.

Grand Total: 164 creatures vanquished

Notes
Turn   | Place    | Note
-------+----------+-------------------------------------------
     0 | Abyss:1  | robertstho the Demonspawn Abyssal Knight began the quest
                  | for the Orb.
     0 | Abyss:1  | Reached XP level 1. HP: 18/18 MP: 2/2
    65 | Abyss:1  | Noticed a raiju
    66 | D:1      | Escaped the Abyss
   166 | D:1      | Found a faded altar of an unknown god.
   307 | D:1      | Gained mutation: You have a pair of small antennae on your
                  | head. [demonic ancestry]
   307 | D:1      | Reached XP level 2. HP: 19/24 MP: 3/3
   645 | D:1      | Reached * piety under Lugonu
   664 | D:1      | Reached skill level 2 in Armour
  1055 | D:2      | Reached XP level 3. HP: 28/30 MP: 4/4
  1623 | D:2      | Found Faisappui's Magic Scroll Shoppe.
  1630 | D:2      | Bought a scroll of identify for 24 gold pieces
  1630 | D:2      | Bought a scroll of fear for 42 gold pieces
  1630 | D:2      | Bought a scroll of identify for 24 gold pieces
  1656 | D:2      | Reached ** piety under Lugonu
  1889 | D:3      | Noticed Sigmund
  2009 | D:3      | Gained mutation: You are surrounded by a mild repulsion
                  | field. (EV +2) [demonic ancestry]
  2009 | D:3      | Reached XP level 4. HP: 37/37 MP: 6/6
  2033 | D:3      | Reached skill level 1 in Dodging
  2129 | D:3      | Reached skill level 1 in Shields
  2129 | D:3      | Gained mutation: You have a pair of antennae on your head.
                  | [demonic ancestry]
  2129 | D:3      | Reached XP level 5. HP: 12/42 MP: 7/7
  2542 | D:3      | Found an ornate altar of the Wu Jian Council.
  2619 | D:3      | Found Demoh's Antique Armour Emporium.
  2689 | D:3      | Found a basalt altar of Yredelemnul.
  2800 | D:3      | Reached skill level 3 in Armour
  2830 | D:3      | Killed Sigmund
  2831 | D:3      | Gained mutation: You have a pair of large antennae on your
                  | head. (SInv) [demonic ancestry]
  2831 | D:3      | Reached XP level 6. HP: 18/49 MP: 7/9
  3082 | D:3      | Noticed an ice beast
  3095 | D:3      | Killed an ice beast
  3307 | D:3      | Found an iron altar of Okawaru.
  3318 | D:3      | Reached *** piety under Lugonu
  3775 | D:4      | Noticed an orc warrior
  3786 | D:4      | Killed an orc warrior
  3787 | D:4      | Reached skill level 4 in Armour
  3787 | D:4      | Gained mutation: Spells you cast may paralyse adjacent
                  | enemies. [demonic ancestry]
  3787 | D:4      | Reached XP level 7. HP: 12/55 MP: 10/10
  4125 | D:4      | Found Qekh's Jewellery Shop.
  4943 | D:5      | Entered Level 5 of the Dungeon
  4949 | D:5      | Reached skill level 5 in Invocations
  5204 | D:5      | Found a burning altar of Makhleb.
  5204 | D:5      | Found a radiant altar of Vehumet.
  5212 | D:5      | Reached skill level 5 in Fighting
  6184 | D:5      | Gained mutation: Spells you cast may paralyse nearby
                  | enemies. [demonic ancestry]
  6184 | D:5      | Reached XP level 8. HP: 63/63 MP: 12/12
  6245 | D:5      | Noticed Ijyb
  6361 | D:5      | Found Ubaq Yrao's Weapon Shoppe.
  6632 | D:5      | Killed Ijyb
  7308 | D:6      | Reached skill level 5 in Armour
  7320 | D:6      | Found a staircase to the Ecumenical Temple.
  7334 | D:6      | Reached **** piety under Lugonu
  7489 | D:6      | Found an opulent altar of Gozag.
  7775 | D:6      | Found a runed translucent door.
  7776 | D:6      | Noticed Crazy Yiuf
  7783 | D:6      | Killed Crazy Yiuf
  7827 | D:7      | Reached skill level 5 in Long Blades
  7855 | D:7      | Noticed a two-headed ogre
  7874 | D:7      | HP: 1/64 [two-headed ogre/+0 giant club (25)]
  8054 | D:7      | Noticed a deep elf zephyrmancer
  8070 | D:7      | Killed a deep elf zephyrmancer
  8071 | D:7      | Reached skill level 6 in Armour
  8071 | D:7      | Reached XP level 9. HP: 34/69 MP: 13/13
  8378 | D:7      | Killed a two-headed ogre
  8379 | D:7      | Reached skill level 7 in Armour
  8438 | D:7      | Found a shimmering blue altar of Sif Muna.
  8439 | D:7      | Found an ancient bone altar of Kikubaaqudgha.
  8440 | D:7      | Found a hazy altar of Hepliaklqana.
  9037 | D:8      | Found a runed translucent gate.
  9038 | D:8      | Found a runed translucent gate.
  9039 | D:8      | Found a runed translucent gate.
  9048 | D:8      | Reached skill level 8 in Armour
  9048 | D:8      | Noticed indyram44's ghost (novice DsGl)
  9051 | D:8      | Noticed robertstho's ghost (novice MiFi)
  9090 | D:8      | Found a staircase to the Lair.
  9139 | D:7      | Noticed a green ugly thing
  9146 | D:7      | Corrupted D:7
  9146 | D:7      | Noticed a starcursed mass
  9146 | D:7      | Noticed an eidolon
  9146 | D:7      | Noticed a will-o-the-wisp
  9146 | D:7      | Noticed a starcursed mass
  9146 | D:7      | Noticed a large abomination
  9146 | D:7      | Noticed a thrashing horror
  9146 | D:7      | Noticed an ice devil
  9146 | D:7      | Noticed a green death
  9146 | D:7      | Noticed a thrashing horror
  9147 | D:7      | Noticed a death knight
  9147 | D:7      | Noticed an eye of devastation
  9147 | D:7      | Noticed a thrashing horror
  9147 | D:7      | Noticed a worldbinder
  9148 | D:7      | Mangled by a large abomination

Illustrated notes

Levels and vault maps discovered:
D:1:      scummos_arrival_star, layout_loops_ring,
          ebering_ecumenical_altar_mist, minmay_misc_feat_columns,
          minmay_crystal_room, minmay_3d_cube
D:2:      layout_loops_cross, serial_shops, shop, kennysheep_generic_room_14
D:3:      layout_basic, amcnicky_altar_gilded, nicolae_overflow_hidden_temple,
          okawaru_altar_gauntlet_db, serial_undead, serial_undead_f,
          serial_undead_e, serial_undead_b, serial_undead_e, serial_shops,
          nicolae_shop_stone, kennysheep_path_1, chequers_serial_rivers_marsh,
          uniq_sigmund
D:4:      layout_basic, serial_shops, nicolae_shop_behind_doors,
          minmay_misc_feat_ornament, minmay_parallelograms, kennysheep_boxes
D:5:      layout_layer_cave, grunt_temple_overflow_lords_of_destruction,
          serial_shops, shop_fountains, uniq_ijyb
D:6:      layout_basic, nicolae_gozag_cash_rules_everything_around_me,
          minmay_temple_entry_nine_rooms, uniq_crazy_yiuf_cottage
D:7:      minmay_klotski, layout_basic, minitemple, chequers_avenue,
          minmay_misc_feat_square, guppyfry_early_elven_hall
D:8:      layout_rooms, old_standard_altar, lair_entry_dummy, serial_glass,
          glass_columns_b, glass_columns_c, gammafunk_ghost_cemetery,
          kennysheep_nub, minmay_crossroads

Skill      XL: |  1  2  3  4  5  6  7  8  9 |
---------------+----------------------------+-----
Armour         | 2 3 4 6 8 |  8.2
Invocations    | 3 4 5 6 7 |  7.1
Fighting       | 4 5 6 |  6.5
Long Blades    | 2 3 4 5 6 |  6.2
Dodging        | 1 |  1.1
Shields        | 1 2 3 |  3.5
Stealth        | |  0.4
Evocations     | |  0.3

Action                   |  1- 3 |  4- 6 |  7- 9 || total
-------------------------+-------+-------+-------++-------
Melee: Falchion          |   101 |   163 |   254 ||   518
Invok: Depart the Abyss  |     1 |       |       ||     1
       Corrupt           |       |       |     1 ||     1
Evoke: Wand              |       |       |     4 ||     4
  Use: Scroll            |     5 |     2 |     7 ||    14
       Potion            |       |     1 |       ||     1
Armor: Ring mail         |    46 |       |       ||    46
       Leather armour    |     1 |       |       ||     1
       Plate armour      |    12 |   138 |   150 ||   300
Dodge: Dodged            |    66 |    25 |    53 ||   144
Block: Kite shield       |     4 |    72 |   115 ||   191
       Rpst.: Falchion   |    19 |     6 |    14 ||    39

Table legend: (Time is in decaauts)
 A = Elapsed time spent in this place.
 B = Non-inter-level travel time spent in this place.
 C = Inter-level travel time spent in this place.
 D = Time resting spent in this place.
 E = Time spent auto-exploring this place.
 F = Levels seen in this place.
 G = Mean time per level.
                   A        B        C        D        E       F      G
               +--------+--------+--------+--------+--------+-----+--------+
         Total |   9332 |   8686 |    646 |    472 |   6676 |   9 | 1036.9 |
       Dungeon |   9266 |   8620 |    646 |    472 |   6611 |   8 | 1158.2 |
         Abyss |     66 |     66 |      0 |      0 |     65 |   1 |   66.0 |
               +--------+--------+--------+--------+--------+-----+--------+

Top non-repeatable levels by time:
     D:5: 1944 daAuts
     D:4: 1492 daAuts
     D:3: 1355 daAuts
     D:2: 1283 daAuts
     D:7: 1116 daAuts
     D:6: 968 daAuts
     D:1: 945 daAuts
     D:8: 159 daAuts
 Abyss:1: 66 daAuts
